 Dungeon Crawl Stone Soup version 0.31-a0-949-g57150269e1 (webtiles) character file.

Game seed: 2111569718896881498

411 avis the Ducker (level 6, -2/28 HPs)
             Began as a Felid Shapeshifter on Oct 22, 2023.
             Slain by a gnoll
             ... wielding a +0 whip
              (8 damage)
             ... on level 4 of the Dungeon.
             The game lasted 00:17:05 (3462 turns).

avis the Ducker (Felid Shapeshifter)                Turns: 3462, Time: 00:17:06

Health: -2/28      AC:  2    Str: 10    XL:     6   Next: 58%
Magic:  7/7        EV: 20    Int: 12    God:
Gold:   147        SH:  0    Dex: 17    Spells: 5/5 levels left
                                        Lives:  0   Deaths: 2

rFire   . .          .
                       - Unarmed
rCold   . . .        (shield unavailable)
rNeg    . . .        (body armour unavailable)
rPois   .            (helmet unavailable)
rElec   .            (cloak unavailable)
rCorr   .            (gloves unavailable)
SInv    +            (boots unavailable)
Will    .....        (no amulet)
Stlth   ++           (no ring)
HPRegen 0.24/turn    (no ring)
MPRegen 0.10/turn

%: no passive effects
@: beast-form, quick
A: beast (slay +3), very small, claws 1, fangs 3, see invisible, speed 1, shaggy
fur 2, stealthy paws, no weapons or thrown items, no armour, multi-lived
a: Begin Untransformation


You were on level 4 of the Dungeon.
You were a hulking beast.
You visited 1 branch of the dungeon, and saw 4 of its levels.
You also visited: Ossuary.

You collected 147 gold pieces.

Inventory:

Jewellery
 o - an amulet of guardian spirit
Talismans
 b - a beast talisman (active)
 f - a flux talisman
Wands
 q - a wand of polymorph (5)
Scrolls
 d - 2 scrolls of identify {unknown}
 j - 3 scrolls of teleportation {unknown}
 k - 2 scrolls of enchant armour {unknown}
 m - a scroll of blinking {unknown}
Potions
 a - 2 potions of lignification
 c - 3 potions of invisibility {unknown}
 e - 2 potions of heal wounds {unknown}
 g - a potion of cancellation {unknown}
 h - 4 potions of enlightenment {unknown}
 i - 4 potions of curing {unknown}
 l - a potion of brilliance {unknown}
 n - a potion of haste {unknown}
 p - 2 potions of attraction {unknown}


   Skills:
 - Level 4.0 Fighting
 * Level 5.5 Dodging
 - Level 3.0 Unarmed Combat
 - Level 5.3 Shapeshifting


You had 5 spell levels left.
You didn't know any spells.
Your spell library was empty.

Dungeon Overview and Level Annotations

Branches:
Dungeon (4/15)            Ossuary (visited)
 Temple: D:4-7

Altars:

Annotations:
D:2 1 runed translucent door, exclusion: door, Crazy Yiuf


Innate Abilities, Weirdness & Mutations

You are a hulking beast.
Your limbs bulge with bestial killing power. (Slay +3)
You have sharp claws.
You have razor-sharp teeth.
You have supernaturally acute eyesight. (SInv)
You cover ground quickly. (Speed+)
You are covered in thick fur. (AC +2)
Your paws help you pounce on unaware monsters.
You are incapable of wielding weapons or throwing items.
You cannot wear armour.
You gain extra lives every three experience levels.


Message History

You see here a +0 buckler.
q - a wand of polymorph (5)
Found a scroll labelled RENUIL CEBE.
A gnoll comes into view. It is wielding a +0 spear.
A gnoll comes into view. It is wielding a +0 spear.
A gnoll comes into view. It is wielding a +0 whip.
The gnoll shouts!
A gnoll comes into view. It is wielding a +0 club.
The gnoll shouts! x2; You hear a shout!
You hear an angry hiss.
The gnoll barely misses you. x2
You closely miss the gnoll. The gnoll hits you with a +0 spear!
The gnoll barely misses you.
You barely miss the gnoll. You scratch the gnoll.
The gnoll is moderately wounded.
The gnoll completely misses you. The gnoll misses you.
You scratch the gnoll.
The gnoll is heavily wounded.
An ogre comes into view. It is wielding a +0 giant club.
The gnoll barely misses you. The gnoll misses you.
You scratch the gnoll.
The gnoll is severely wounded.
The gnoll completely misses you. The gnoll closely misses you.
You claw the gnoll!
You kill the gnoll!
The gnoll hits you from afar with a +0 spear!
The gnoll completely misses you.
You see here a +0 spear.
You closely miss the gnoll. The gnoll closely misses you.
You claw the gnoll!
The gnoll is heavily wounded.
The gnoll misses you.
You scratch the gnoll.
The gnoll is severely wounded.
The gnoll hits you with a +0 spear!
* * * LOW HITPOINT WARNING * * *
You scratch the gnoll.
You kill the gnoll!
The gnoll attacks as it pursues you! The gnoll hits you with a +0 whip!
You die...

#.......[.....†.......#
#......###########....#
#####.## #......<....#
#.# #.####.....## #.#
#.....[..(.#
#.################
#......#
#######.#############
...?........hg)g.O...
#######.#.###########
#.#.# #?#.# #.#.# #.#.#
#.... #....


You could see an ogre and 2 gnolls.

Vanquished Creatures
  2 elf zombies (Ossuary)
  2 human zombies (Ossuary)
  2 centaur zombies (Ossuary)
  2 mummies (Ossuary)
  2 gnolls (D:4)
  An adder (D:4)
  An adder zombie (Ossuary)
  3 worms (D:2)
  5 orcs
  5 bats
  3 endoplasms
  6 goblins
  4 hobgoblins
  10 jackals
  A quokka (D:2)
  6 ball pythons
  A frilled lizard (D:3)
  A goblin zombie (Ossuary)
  10 hobgoblin zombies (Ossuary)
  2 jackal zombies (Ossuary)
  3 kobolds (D:2)
  11 kobold zombies (Ossuary)
  6 orc zombies (Ossuary)
  6 rats
  A rat zombie (D:4)
96 creatures vanquished.

Notes
Turn   | Place    | Note
-------+----------+-------------------------------------------
     0 | D:1      | avis the Felid Shapeshifter began the quest for the Orb.
     0 | D:1      | Reached XP level 1. HP: 9/9 MP: 2/2
   369 | D:1      | Reached XP level 2. HP: 12/13 MP: 3/3
   857 | D:2      | Reached XP level 3. HP: 16/16 MP: 4/4
  1577 | D:2      | Found a runed translucent door.
  1578 | D:2      | Noticed Crazy Yiuf
  2387 | D:3      | Reached XP level 4. HP: 12/21 MP: 5/5
  2684 | D:4      | Identified the "Wafypud"
  2684 | D:4      | Found a sand-covered staircase.
  2691 | Ossuary  | Entered an ossuary
  3050 | Ossuary  | Reached XP level 5. HP: 4/24 MP: 6/6
  3083 | Ossuary  | Slain by a human zombie
  3114 | Ossuary  | Reached skill level 5 in Shapeshifting
  3128 | Ossuary  | Slain by a mummy
  3243 | Ossuary  | Gained mutation: You are covered in thick fur. (AC +2)
                  | [Felid growth]
  3243 | Ossuary  | Reached XP level 6. HP: 28/28 MP: 7/7
  3260 | Ossuary  | Reached skill level 5 in Dodging
  3462 | D:4      | Slain by a gnoll

Illustrated notes

Levels and vault maps discovered:
D:1:      psy_arrival_heroes, layout_rooms, minmay_crystal_room,
          kennysheep_doodads
D:2:      layout_basic, uniq_crazy_yiuf_cottage
D:3:      layout_basic, minmay_misc_feat_doors
D:4:      layout_basic, nzn_overflow_gifts_of_might_and_magic, enter_ossuary_3,
          bh_walls_and_bars

Skill      XL: |  1  2  3  4  5  6 |
---------------+-------------------+-----
Fighting       | 2 3 4 |  4.0
Dodging        | 3 4 5 |  5.5
Shapeshifting  | 4 5 |  5.3
Unarmed Combat | |  3.0

Action                     |  1- 3 |  4- 6 || total
---------------------------+-------+-------++-------
  Melee: Unarmed           |   114 |   170 ||   284
         Bite              |    15 |    25 ||    40
         Punch             |     2 |     5 ||     7
   Stab: Sleeping          |     3 |     1 ||     4
 Armour: Skin              |    21 |    46 ||    67
  Dodge: Dodged            |    79 |   100 ||   179

Table legend: (Time is in decaauts)
 A = Elapsed time spent in this place.
 B = Non-inter-level travel time spent in this place.
 C = Inter-level travel time spent in this place.
 D = Time resting spent in this place.
 E = Time spent auto-exploring this place.
 F = Levels seen in this place.
 G = Mean time per level.
                   A        B        C        D        E       F      G
               +--------+--------+--------+--------+--------+-----+--------+
         Total |   2896 |   2661 |    235 |    103 |   1370 |   5 |  579.2 |
       Dungeon |   2278 |   2043 |    235 |     68 |   1370 |   4 |  569.5 |
       Ossuary |    618 |    618 |      0 |     35 |      0 |   1 |  618.0 |
               +--------+--------+--------+--------+--------+-----+--------+

Top non-repeatable levels by time:
     D:2: 1007 daAuts
     D:3: 655 daAuts
 Ossuary: 618 daAuts
     D:1: 549 daAuts
     D:4: 65 daAuts
